 Dungeon Sprint DCSS version 0.23.0 (webtiles) character file.

Game seed: 12357222525512413890

1927 nuthulu the Bludgeoner (level 9, -9/64 HPs)
             Began as a Formicid Fighter on Feb 11, 2019.
             Was a High Priest of Makhleb.
             Killed from afar by a naga mage (18 damage)
             ... with a poison arrow
             ... in the Dungeon (Sprint V: "Ziggurat Sprint").
             The game lasted 00:02:33 (324 turns).

nuthulu the Bludgeoner (Formicid Fighter)            Turns: 324, Time: 00:02:33

Health: -9/64      AC: 26    Str: 28    XL:     9   Next: 40%
Magic:  9/9        EV: -2    Int:  9    God:    Makhleb [*****.]
Gold:   0          SH: 30    Dex: 17    Spells: 8/8 levels left

rFire    . . .     SeeInvis +   F - +10 dark maul {crush}
rCold    + . .     Gourm    .   H - +18 shield of the Gong {rElec rN+ MR+ EV-5}
rNeg     + . .     Faith    .   G - +15 Maxwell's patent armour {-Cast -Tele rElec MR+ rCorr}
rPois    .         Spirit   .   (helmet unavailable)
rElec    +         Reflect  .   (no cloak)
rCorr    +         Harm     .   (no gloves)
MR       +++..     NoCast   +   (no boots)
Stlth    ..........             o - amulet of the Past {+Rage +Inv Dex+2}
HPRegen  0.20/turn              D - +6 ring of strength
MPRegen  0.11/turn              J - ring "Rasene" {rC+ MR+ Dex+4}

@: lethally poisoned (-9 -> -38), constricted
A: permanent stasis, dig shafts and tunnels, four strong arms, antennae 3
a: Dig, Minor Destruction, Lesser Servant of Makhleb, Major Destruction, Greater
Servant of Makhleb, Renounce Religion, Evoke Invisibility


You were in the Dungeon.
You worshipped Makhleb.
Makhleb was extremely pleased with you.
You were not hungry.

You visited 1 branch

Inventory:

Hand Weapons
 a - a +0 flail
 F - the +10 dark maul (weapon) {crush}
   (You found it in the Dungeon)

   It inflicts extra damage upon your enemies.
Armour
 b - a +0 scale mail
 c - a +0 shield
 G - the +15 Maxwell's patent armour (worn) {-Cast -Tele rElec MR+ rCorr}
   (You found it in the Dungeon)

   It insulates you from electricity.
   It affects your resistance to hostile enchantments.
   It prevents spellcasting.
   It prevents most forms of teleportation.
   It provides partial protection from all sources of acid and corrosion.
 H - the +18 shield of the Gong (worn) {rElec rN+ MR+ EV-5}
   (You found it in the Dungeon)

   It affects your evasion (-5).
   It insulates you from electricity.
   It protects you from negative energy.
   It affects your resistance to hostile enchantments.
Jewellery
 o - the amulet of the Past (around neck) {+Rage +Inv Dex+2}
   (You found it in the Dungeon)

   [amulet of rage]

   It affects your dexterity (+2).
   It lets you turn invisible.
   It lets you go berserk.
 z - a +6 ring of dexterity
 A - a +6 ring of dexterity
 B - a +6 ring of intelligence
 C - a +6 ring of intelligence
 D - a +6 ring of strength (left hand)
 E - a +6 ring of strength
 I - an uncursed ring of protection from cold
 J - the ring "Rasene" (right hand) {rC+ MR+ Dex+4}
   (You found it in the Dungeon)

   [ring of dexterity]

   It affects your dexterity (+4).
   It protects you from cold.
   It affects your resistance to hostile enchantments.
Wands
 w - a wand of disintegration (7)
 x - a wand of iceblast (7)
 y - a wand of acid (7)
Scrolls
 k - 4 scrolls of blinking
 q - 4 scrolls of amnesia
 r - 7 scrolls of fog
 s - a scroll of holy word
 t - 5 scrolls of identify
 u - 5 scrolls of remove curse
 v - 2 scrolls of fear
Potions
 d - 6 potions of might
 e - 8 potions of curing
 g - 10 potions of heal wounds
 h - 6 potions of haste
 i - 7 potions of magic
 j - 3 potions of berserk rage
 l - 2 potions of brilliance
 m - 2 potions of invisibility
 n - 4 potions of resistance
 p - 5 potions of agility
Comestibles
 f - 7 rations


   Skills:
 - Level 3.2 Fighting
 - Level 18.0 Maces & Flails
 - Level 3.2 Armour
 - Level 0.1 Dodging
 - Level 3.4 Stealth
 * Level 7.0 Shields


You had 8 spell levels left.
You didn't know any spells.
Your spell library was empty.

Dungeon Overview and Level Annotations

Branches:
Dungeon (1/1)

Altars:
Ashenzari
Cheibriados
Dithmenos
Elyvilon
Fedhas
Gozag
Hepliaklqana
Kikubaaqudgha
Makhleb
Nemelex Xobeh
Okawaru
Qazlal
Ru
Sif Muna
Trog
Uskayaw
Vehumet
Wu Jian
Xom
Yredelemnul
Zin
The Shining One
Beogh
Jiyva
Lugonu

Annotations:
D 1 transporter


Innate Abilities, Weirdness & Mutations

You cannot be hasted, slowed, berserked, paralysed or teleported.
You can dig through walls and to a lower floor.
Your four strong arms can wield two-handed weapons with a shield.
You have a pair of large antennae on your head. (SInv)


Message History

The naga mage is almost dead.
* * * LOW HITPOINT WARNING * * *
You feel very sick. You block the naga mage's attack.
PTOANNNG!
The naga mage constricts you.
The water moccasin bites you but does no damage.
You block the ball python's attack.
GONNNNG!
You block the naga mage's attack.
GONNNNG!
The naga mage constricts you. You block the ball python's attack.
GONNNNG!
The naga hits you from afar with a +0 trident.
* * * LOW HITPOINT WARNING * * *
The water moccasin bites you but does no damage.
The naga mage points at you and mumbles some strange words.
The poison arrow hits you!!
You are more poisoned.
You die... ▓...©....▓...©....▓ ▓▓▓▓▓▓▓▓▓▓▓▓▓▓▓▓▓▓▓ ▓..8©8..▓ {{{{

▓..}))..▓
{{{
▓..))}..▓
▓.......▓
▓..N....▓
▓..N.S..▓
▓..S@...▓
▓.▓...▓.▓
▓...©...▓
▓▓▓▓▓▓▓▓▓
{{{ {{{


You could see a naga mage, a water moccasin, a naga and a ball python.

Vanquished Creatures
  A two-headed ogre (D)
  4 merfolk (D)
  A water moccasin (D)
  A naga (D)
  An ogre (D)
  An orc priest (D)
  An orc wizard (D)
  3 adders (D)
  An adder zombie (D)
  2 adder skeletons (D)
  An orc (D)
  A ball python (D)
  A ball python zombie (D)
  A quokka zombie (D)
20 creatures vanquished.

Notes
Turn   | Place    | Note
-------+----------+-------------------------------------------
     0 | D        | Found the +6 Majin-Bo {vamp, Archmagi MP+6 Int+6}
     0 | D        | Found the +7 great mace "Firestarter" {inner flame, rF++}
     0 | D        | nuthulu the Formicid Fighter began the quest for the Orb.
     0 | D        | Reached XP level 1. HP: 18/18 MP: 1/1
     0 | D        | Found a deep blue altar of Sif Muna.
     0 | D        | Found a sacrificial altar of Ru.
     0 | D        | Found a bloodstained altar of Trog.
     0 | D        | Found a stormy altar of Qazlal.
     0 | D        | Found an iron altar of Okawaru.
     0 | D        | Found a sparkling altar of Nemelex Xobeh.
     0 | D        | Found a blossoming altar of Fedhas.
     2 | D        | Found an ancient bone altar of Kikubaaqudgha.
     2 | D        | Found a transporter.
     2 | D        | Found a corrupted altar of Lugonu.
     2 | D        | Found a viscous altar of Jiyva.
     2 | D        | Found a burning altar of Makhleb.
     2 | D        | Found a hazy altar of Hepliaklqana.
     2 | D        | Found an opulent altar of Gozag.
    18 | D        | Found the +9 heavy crossbow "Sniper" {velocity, Acc+∞ SInv}
    18 | D        | Found the +10 dark maul {crush}
    18 | D        | Found the +15 Maxwell's patent armour {-Cast -Tele rElec
                  | MR+ rCorr}
    18 | D        | Found the +18 shield of the Gong {rElec rN+ MR+ EV-5}
    18 | D        | Found the cursed +14 obsidian axe {chop, +Fly SInv *Curse}
    44 | D        | Became a worshipper of Makhleb the Destroyer
    47 | D        | Found the +6 shillelagh "Devastator" {shatter}
    47 | D        | Found the +11 plutonium sword {*Contam Stlth-}
    47 | D        | Found the +8 lance "Wyrmbane" {slay drac, rPois rF+ rC+
                  | AC+3}
    47 | D        | Found the +9 sword of Zonguldrok {reap}
    47 | D        | Found the cursed +13 scythe of Curses {drain, *Curse}
    47 | D        | Found the +0 sword of Power
    47 | D        | Found the +7 mace of Variability {chain chaos}
    47 | D        | Found the +7 Singing Sword {slice, sonic wave}
    47 | D        | Found the +7 longbow "Piercer" {penet, EV-2}
    54 | D        | Reached skill level 7 in Maces & Flails
    54 | D        | Reached XP level 2. HP: 24/24 MP: 2/2
    72 | D        | Entered arena 2.
    72 | D        | Noticed a two-headed ogre
    72 | D        | Noticed an ogre
    72 | D        | Found a transporter.
    74 | D        | Killed a two-headed ogre
    74 | D        | Reached skill level 15 in Maces & Flails
    74 | D        | Reached XP level 3. HP: 29/29 MP: 3/3
    74 | D        | Reached XP level 4. HP: 35/35 MP: 4/4
    74 | D        | Reached XP level 5. HP: 41/41 MP: 5/5
    74 | D        | Reached XP level 6. HP: 47/47 MP: 6/6
    74 | D        | Reached XP level 7. HP: 52/52 MP: 7/7
    75 | D        | Reached XP level 8. HP: 58/58 MP: 8/8
    86 | D        | Entered arena 3.
    86 | D        | Found a transporter.
    89 | D        | Reached * piety under Makhleb
   103 | D        | Entered arena 4.
   103 | D        | Noticed a merfolk
   103 | D        | Noticed a merfolk
   103 | D        | Noticed a merfolk
   103 | D        | Noticed a merfolk
   103 | D        | Found a transporter.
   107 | D        | Killed a merfolk
   107 | D        | Reached ** piety under Makhleb
   107 | D        | Reached skill level 16 in Maces & Flails
   108 | D        | Killed a merfolk
   108 | D        | Reached skill level 17 in Maces & Flails
   112 | D        | Killed a merfolk
   112 | D        | Reached XP level 9. HP: 22/64 MP: 9/9
   115 | D        | Killed a merfolk
   115 | D        | Reached skill level 18 in Maces & Flails
   118 | D        | Got the ring "Rasene" {rC+ MR+ Dex+4}
   276 | D        | Entered arena 5.
   276 | D        | Found a transporter.
   282 | D        | Reached *** piety under Makhleb
   284 | D        | Reached skill level 5 in Shields
   297 | D        | Got the amulet of the Past {+Rage +Inv Dex+2}
   301 | D        | Entered arena 6.
   301 | D        | Found a transporter.
   304 | D        | Reached **** piety under Makhleb
   314 | D        | Entered arena 7.
   314 | D        | Noticed a naga mage
   315 | D        | Found a transporter.
   321 | D        | Reached ***** piety under Makhleb
   324 | D        | Killed from afar by a naga mage

Skill      XL: |  1  2  3  4  5  6  7  8  9 |
---------------+----------------------------+-----
Maces & Flails | 7 15 17 18 | 18.0
Stealth        | 3 |  3.4
Shields        | 7 |  7.0
Fighting       | |  3.2
Armour         | |  3.2
Dodging        | |  0.1

Action                   |  1- 3 |  4- 6 |  7- 9 || total
-------------------------+-------+-------+-------++-------
Melee: Maul              |     1 |       |    42 ||    43
  Use: Potion            |     1 |       |     2 ||     3
Armor: Plate armour      |       |       |    82 ||    82
Dodge: Dodged            |       |       |     1 ||     1
Block: Shield            |       |       |   123 ||   123
